 Dungeon Crawl Stone Soup version 0.27.1-1-g398f81649c (webtiles) character file.

Game seed: 12922272898853262764

88 loralnil the Ruffian (level 4, 0/36 HPs)
             Began as a Draconian Transmuter on Sept 8, 2021.
             Succumbed to a scorpion's poison
             ... on level 4 of the Dungeon.
             The game lasted 00:03:16 (2774 turns).

loralnil the Ruffian (Draconian Transmuter)         Turns: 2774, Time: 00:03:17

Health: 0/36       AC:  7    Str: 13    XL:     4   Next: 30%
Magic:  6/7        EV: 12    Int: 13    God:
Gold:   171        SH:  0    Dex: 12    Spells: 4/8 levels left

rFire    . . .     SeeInvis .     - Unarmed
rCold    . . .     Faith    .   (no shield)
rNeg     . . .     Spirit   .   (armour unavailable)
rPois    .         Reflect  .   (helmet currently unavailable)
rElec    .         Harm     .   (no cloak)
rCorr    .         Rampage  .   a - +0 pair of gloves
Will     .....                  (boots currently unavailable)
Stlth    +.........             (no amulet)
HPRegen  0.12/turn              (no ring)
MPRegen  0.10/turn              (no ring)

@: lethally poisoned (0 -> -7), appendages
A: horns 2, talons 2, AC +5, unfitting armour, cold-blooded, mutation resistance
1, shaggy fur 1, noise suppression
a: End Transformation


You were on level 4 of the Dungeon.
You had temporarily grown beastly horns and talons.
You visited 1 branch of the dungeon, and saw 4 of its levels.

You collected 171 gold pieces.

Inventory:

Armour
 a - a +0 pair of gloves (worn)
 i - a +2 pair of boots (melded)
Scrolls
 c - a scroll of enchant armour {unknown}
 d - 2 scrolls of identify {unknown}
 e - a scroll of immolation {unknown}
 f - a scroll of noise {unknown}
 h - a scroll of blinking {unknown}
Potions
 g - a potion of attraction {unknown}


   Skills:
 + Level 2.2 Fighting
 + Level 2.4 Dodging
 + Level 3.5 Unarmed Combat
 + Level 2.5 Spellcasting
 + Level 2.6 Transmutations


You had 4 spell levels left.
You knew the following spells:

 Your Spells              Type           Power      Damage    Failure   Level
a - Beastly Appendage     Tmut           16%        N/A       9%          1
b - Spider Form           Tmut/Pois      2%         N/A       38%         3

Your spell library contained the following spells:

 Spells                   Type           Power      Damage    Failure   Level
 Wereblood                Tmut           8%         N/A       12%         2
 Ice Form                 Ice/Tmut       5%         N/A       80%         4


Dungeon Overview and Level Annotations

Branches:
Dungeon (4/15)
 Temple: D:4-7

Altars:
Gozag


Innate Abilities, Weirdness & Mutations

You have temporarily grown beastly horns and talons.
Your plain brown scales are hard. (AC +5)
You cannot fit into any form of body armour.
You are cold-blooded and may be slowed by cold attacks.
You are somewhat resistant to further mutation.
You are covered in fur. (AC +1)
You passively dampen the noise of your surroundings.


Message History

You are poisoned.
The scorpion poisons you!
You hit the scorpion. You headbutt the scorpion.
The scorpion is heavily wounded.
You feel very sick. The scorpion misses you.
You barely miss the scorpion. Your kick misses the scorpion.
You headbutt the scorpion.
The scorpion is heavily wounded.
You feel sick. The scorpion stings you.
Casting: Beastly Appendage (safe; 9% risk of failure)
Confirm with . or Enter, or press ? or * to list all spells.
You extend your transformation's duration.
You feel sick. The scorpion closely misses you. The scorpion stings you.
You hit the scorpion. Your kick misses the scorpion.
The scorpion is heavily wounded.
You feel sick. The scorpion completely misses you.
You hit the scorpion but do no damage. Your kick misses the scorpion.
Your tail-slap misses the scorpion.
The scorpion is heavily wounded.
You feel sick. The scorpion closely misses you.
You completely miss the scorpion. Your kick misses the scorpion.
Your tail-slap misses the scorpion.
The scorpion is heavily wounded.
You feel sick. The scorpion stings you.
* * * LOW HITPOINT WARNING * * *
You hit the scorpion.
The scorpion is severely wounded.
You feel sick. The scorpion stings you.
* * * LOW HITPOINT WARNING * * *
You are lethally poisoned!
The scorpion poisons you!
You hit the scorpion but do no damage.
Your tail-slap misses the scorpion.
The scorpion is severely wounded.
* * * LOW HITPOINT WARNING * * *
You feel sick. The scorpion misses you.
It was a potion of mutation.
You feel extremely strange.
You feel your surroundings grow quieter.
Fur sprouts all over your body.
You feel genetically stable.
You die...

.....# #...#
#...########
#....!.....#
#..........#
#..........#
#......)...#.###
##.....)).......#
#..<....@s......#
...........#####....#
....###.#.## .... ...
#...# ... .# ##..# .#
#..# # ...# #..


You could see a scorpion.

Vanquished Creatures
  2 adders
  A worm (D:3)
  2 dart slugs
  5 orcs
  A bat (D:1)
  7 endoplasms
  4 giant cockroaches
  4 hobgoblins
  4 jackals (D:2)
  3 kobolds
  3 quokkas (D:1)
  7 ball pythons
  7 frilled lizards
  3 goblins
53 creatures vanquished.

Notes
Turn   | Place    | Note
-------+----------+-------------------------------------------
     0 | D:1      | loralnil the Draconian Transmuter began the quest for the
                  | Orb.
     0 | D:1      | Reached XP level 1. HP: 16/16 MP: 3/3
   240 | D:1      | Reached XP level 2. HP: 23/23 MP: 3/5
   860 | D:1      | You fall into a shaft and drop 1 floor!
   949 | D:1      | Found a faded altar of an unknown god.
   991 | D:2      | Reached XP level 3. HP: 14/29 MP: 4/6
  1318 | D:2      | Learned a level 3 spell: Spider Form
  2014 | D:3      | Found an opulent altar of Gozag.
  2233 | D:3      | Reached XP level 4. HP: 36/36 MP: 7/7
  2757 | D:4      | Noticed a scorpion
  2773 | D:4      | HP: 1/36 [poisoned by a scorpion]
  2774 | D:4      | Gained mutation: You passively dampen the noise of your
                  | surroundings. [potion of mutation]
  2774 | D:4      | Gained mutation: You are covered in fur. (AC +1) [potion of
                  | mutation]
  2774 | D:4      | Gained mutation: You are somewhat resistant to further
                  | mutation. [potion of mutation]
  2774 | D:4      | Succumbed to a scorpion's poison

Illustrated notes

Levels and vault maps discovered:
D:1:      minmay_arrival_cross, layout_loops_ring,
          dilly_ecumenical_altar_fadedgnrine
D:2:      layout_loops_ring
D:3:      layout_loops_ring, overflow_temple_1_default,
          corexii_leaking_fountain, hangedman_decor_clover_reticule,
          minivault_27, minmay_increasing_density
D:4:      layout_rooms, minmay_circle_x, uniq_eustachio

Skill      XL: |  1  2  3 |
---------------+----------+-----
Dodging        | 2 |  2.4
Fighting       | 2 |  2.2
Unarmed Combat | |  3.5
Spellcasting   | |  2.5
Transmutations | |  2.6

Action                   |  1- 3 |  4- 6 || total
-------------------------+-------+-------++-------
Melee: Unarmed           |   108 |    44 ||   152
       Kick              |    26 |     7 ||    33
       Tailslap          |    10 |     6 ||    16
       Headbutt          |     9 |     5 ||    14
       Punch             |       |     1 ||     1
 Cast: Beastly Appendage |    28 |     6 ||    34
  Use: Potion            |       |     1 ||     1
 Stab: Sleeping          |     2 |       ||     2
Armor: Skin              |    24 |     9 ||    33
Dodge: Dodged            |    75 |    27 ||   102
